 Dungeon Sprint DCSS version 0.31-a0-1-g4198be8af4 (webtiles) character file.

Game seed: 15275660416561855070

2092 fozzywoppz the Unseen (level 9, -9/47 HPs)
             Began as a Spriggan Enchanter on May 2, 2023.
             Was a Priest of Sif Muna.
             Shot with an arrow by a centaur warrior (19 damage)
             ... in the Dungeon (Sprint III: "The Ten Rune Challenge").
             The game lasted 00:06:27 (477 turns).

fozzywoppz the Unseen (Spriggan Enchanter)           Turns: 477, Time: 00:06:28

Health: -9/47      AC:  2    Str:  6    XL:     9   Next: 6%
Magic:  16/16      EV: 27    Int: 17    God:    Sif Muna [***...]
Gold:   34         SH:  0    Dex: 17    Spells: 11/16 levels left

rFire   . . .        p - +2 dagger (venom)
rCold   . . .        (no shield)
rNeg    . . .        b - +0 robe
rPois   .            (helmet restricted)
rElec   .            (no cloak)
rCorr   .            (gloves unavailable)
SInv    +            (boots unavailable)
Will    +....        (no amulet)
Stlth   ++++++       (no ring)
HPRegen 0.27/turn    (no ring)
MPRegen 0.15/turn

%: no teleportation
@: very quick
A: very small, no large weapons, unfitting armour, see invisible, speed 3,
hooves 1
a: Renounce Religion, Channel Magic, Forget Spell


You were in the Dungeon.
You worshipped Sif Muna.
Sif Muna was most pleased with you.
You visited 1 branch You collected 34 gold pieces.

Inventory:

Hand Weapons
 a - a +1 dagger
 p - a +2 dagger of venom (weapon)
Armour
 b - a +0 robe (worn)
Wands
 o - a wand of digging (9)
Scrolls
 h - a scroll of torment
 i - a scroll of blinking
 j - a scroll of identify
Potions
 c - 2 potions of invisibility
 d - 2 potions of curing
 e - 2 potions of heal wounds
 f - a potion of haste
 g - 2 potions of magic
 k - 4 potions of flight
 l - 4 potions of mutation
 m - a potion of might
 n - a potion of berserk rage
Miscellaneous
 q - a lightning rod (4/4)


   Skills:
 + Level 5.6 Fighting
 - Level 10.0 Short Blades
 - Level 2.0 Armour
 + Level 14.7 Dodging
 + Level 16.5 Stealth
 - Level 4.0 Spellcasting
 - Level 5.0 Hexes
 - Level 2.0 Ice Magic
 - Level 5.0 Invocations


You had 11 spell levels left.
You knew the following spells:

 Your Spells              Type           Power      Damage    Failure   Level
a - Ensorcelled Hibernat  Hex/Ice        30%        N/A       5%          2
b - Confusing Touch       Hex            20%        N/A       6%          3

Your spell library contained the following spells:

 Spells                   Type           Power      Damage    Failure   Level
 Tukima's Dance           Hex            20%        N/A       6%          3
 Dazzling Flash           Conj/Hex       22%        N/A       17%         3
 Blade Hands              Tmut           1%         N/A       99%         5
 Irradiate                Conj/Tmut      1%         3d12      99%         5
 Dragon Form              Tmut           1%         N/A       100%        7


Dungeon Overview and Level Annotations

Branches:
Dungeon (1/1)

Altars:
Cheibriados
Dithmenos
Elyvilon
Fedhas
Gozag
Hepliaklqana
Kikubaaqudgha
Makhleb
Nemelex Xobeh
Okawaru
Qazlal
Ru
Sif Muna
Trog
Uskayaw
Vehumet
Wu Jian
Xom
Yredelemnul
Zin
The Shining One
Jiyva
Lugonu


Innate Abilities, Weirdness & Mutations

You are very small and have problems with some larger weapons.
You are too small for most types of armour.
You have supernaturally acute eyesight. (SInv)
You cover ground extremely quickly. (Speed+++)
You have large cloven feet.


Message History

The centaur warrior looks as sick as possible!
You kick the centaur warrior, but do no damage.
You punch the centaur warrior.
The centaur warrior is lightly wounded.
The centaur warrior misses you.
The centaur warrior completely misses you.
You hit the centaur warrior.
The centaur warrior is moderately wounded.
The centaur warrior hits you!
* * * LOW HITPOINT WARNING * * *
The centaur warrior misses you.
Unknown command.
Okay, then.
The centaur warrior wields a +0 shortbow.
The centaur warrior shoots an arrow.
The arrow closely misses you.
There is an open door here.
You close the door.
Something unseen opens the door.
You start resting.
Magic restored.
You barely miss the centaur warrior.
The centaur warrior is severely wounded.
The centaur warrior unwields a +0 shortbow.
The centaur warrior hits you.
* * * LOW HITPOINT WARNING * * *
The centaur warrior kicks you.
* * * LOW HITPOINT WARNING * * *
Okay, then.
You hit the centaur warrior.
The centaur warrior looks even sicker.
The centaur warrior is severely wounded.
Unknown command.
You hit the centaur warrior but do no damage.
The centaur warrior looks as sick as possible!
The centaur warrior is severely wounded.
The centaur warrior hits you but does no damage.
The centaur warrior kicks you.
* * * LOW HITPOINT WARNING * * *
Unknown command.
The centaur warrior wields a +0 shortbow.
The centaur warrior shoots an arrow.
The arrow hits you!!
You die...

'#'###'## ........#
........# .######'#
.#__#...#+#############
.#__#...#..~~~'.#.'...+
##__#...#.#~§§#.#c#...#
)#__#...'.#.§§#.#.#)..#
_#__'...#.#§)§#.@.#c).#
▓▓▓▓▓▓▓▓▓▓▓▓▓▓▓▓▓▓▓▓▓▓#


You could see a centaur warrior (extremely poisoned).

Vanquished Creatures
  Erica (D)
  A deep elf pyromancer (D)
  A shadow (D)
  A spatial vortex (D)
  2 centaurs (D)
  An earth elemental (D)
  A necrophage (D)
  A scorpion (D)
  A water elemental (D)
  A jelly (D)
  A wizard (D)
  A necromancer (D)
  3 humans (D)
  A kobold demonologist (D)
  2 endoplasms (D)
  2 rats (D)
21 creatures vanquished.

Notes
Turn   | Place    | Note
-------+----------+-------------------------------------------
     0 | D        | fozzywoppz the Spriggan Enchanter began the quest for the
                  | Orb.
     0 | D        | Reached XP level 1. HP: 9/9 MP: 5/5
    64 | D        | Noticed a scorpion
    74 | D        | Killed a scorpion
    75 | D        | Reached skill level 7 in Stealth
    75 | D        | Reached skill level 5 in Hexes
    75 | D        | Reached XP level 2. HP: 13/13 MP: 6/8
    75 | D        | Reached XP level 3. HP: 16/16 MP: 6/9
    94 | D        | Gained mutation: Your mind is acute. (Int +4, Str/Dex -1)
                  | [potion of mutation]
    94 | D        | Gained mutation: You are frail. (-10% HP) [potion of
                  | mutation]
    95 | D        | Lost mutation: You are frail. (-10% HP) [potion of
                  | mutation]
    95 | D        | Lost mutation: Your mind is acute. (Int +4, Str/Dex -1)
                  | [potion of mutation]
    95 | D        | Gained mutation: You have large cloven feet. [potion of
                  | mutation]
   138 | D        | Learned a level 2 spell: Ensorcelled Hibernation
   141 | D        | Reached XP level 4. HP: 14/21 MP: 8/11
   182 | D        | Learned a level 3 spell: Confusing Touch
   191 | D        | Noticed a water elemental
   194 | D        | Killed a water elemental
   195 | D        | Reached skill level 5 in Short Blades
   195 | D        | Reached skill level 9 in Stealth
   195 | D        | Reached XP level 5. HP: 24/24 MP: 12/12
   197 | D        | Found a radiant altar of Vehumet.
   198 | D        | Found a shimmering blue altar of Sif Muna.
   198 | D        | Found an ancient bone altar of Kikubaaqudgha.
   202 | D        | Reached skill level 10 in Stealth
   214 | D        | Found a glowing silver altar of Zin.
   214 | D        | Found a glowing golden altar of the Shining One.
   214 | D        | Found a white marble altar of Elyvilon.
   214 | D        | Noticed a deep elf pyromancer
   217 | D        | Killed a deep elf pyromancer
   218 | D        | Reached skill level 14 in Stealth
   218 | D        | Reached XP level 6. HP: 28/28 MP: 13/13
   218 | D        | Reached XP level 7. HP: 32/32 MP: 14/14
   231 | D        | Became a worshipper of Sif Muna the Loreminder
   239 | D        | Found a hide-covered altar of Uskayaw.
   239 | D        | Found an iron altar of Okawaru.
   239 | D        | Found a bloodstained altar of Trog.
   239 | D        | Found an ornate altar of the Wu Jian Council.
   239 | D        | Noticed a human
   239 | D        | Noticed a human
   242 | D        | Killed a human
   243 | D        | Reached skill level 10 in Short Blades
   243 | D        | Killed a human
   244 | D        | Reached skill level 15 in Stealth
   254 | D        | Found a basalt altar of Yredelemnul.
   254 | D        | Found a shadowy altar of Dithmenos.
   254 | D        | Found a sacrificial altar of Ru.
   256 | D        | Reached * piety under Sif Muna
   269 | D        | Noticed a shadow
   272 | D        | Killed a shadow
   273 | D        | Reached skill level 1 in Armour
   273 | D        | Reached skill level 1 in Ice Magic
   273 | D        | Reached skill level 1 in Invocations
   273 | D        | Reached XP level 8. HP: 42/42 MP: 15/15
   275 | D        | Reached ** piety under Sif Muna
   278 | D        | Found a blossoming altar of Fedhas.
   278 | D        | Found a stormy altar of Qazlal.
   279 | D        | Found a snail-covered altar of Cheibriados.
   279 | D        | Found a burning altar of Makhleb.
   279 | D        | Found a hazy altar of Hepliaklqana.
   279 | D        | Found a shimmering altar of Xom.
   279 | D        | Found an opulent altar of Gozag.
   279 | D        | Found a sparkling altar of Nemelex Xobeh.
   279 | D        | Found a corrupted altar of Lugonu.
   279 | D        | Found a viscous altar of Jiyva.
   411 | D        | Noticed Erica
   414 | D        | Killed Erica
   415 | D        | Reached skill level 5 in Fighting
   415 | D        | Reached skill level 16 in Stealth
   431 | D        | Noticed a centaur warrior
   433 | D        | Reached *** piety under Sif Muna
   434 | D        | Reached XP level 9. HP: 47/47 MP: 16/16
   440 | D        | Reached skill level 5 in Invocations
   477 | D        | Shot with an arrow by a centaur warrior

Illustrated notes

Levels and vault maps discovered:
D:        dungeon_sprint_mu [sprint_mu_entry_forest, sprint_mu_temple_rooms,
          sprint_mu_d1_horrors, sprint_mu_d2_genie, sprint_mu_d3_branching,
          sprint_mu_orc_legion, sprint_mu_elf_gauntlet, sprint_mu_hive_nellie,
          sprint_mu_lair_fedhas, sprint_mu_vaults_butterflies,
          sprint_mu_slime_circle, sprint_mu_swamp_cave, sprint_mu_snake_twists,
          sprint_mu_blade_basic, sprint_mu_crypt_fortress,
          sprint_mu_tomb_spiral, sprint_mu_vestibule_basic,
          sprint_mu_gehenna_hellfire, sprint_mu_dis_giant,
          sprint_mu_tartarus_statrot, sprint_mu_cocytus_islands, sprint_mu_zot1]

Skill      XL: |  1  2  3  4  5  6  7  8  9 |
---------------+----------------------------+-----
Dodging        | 6 7 12 13 14 | 14.7
Spellcasting   | 4 |  4.0
Hexes          | 5 |  5.0
Short Blades   | 4 5 9 10 | 10.0
Stealth        | 7 9 14 15 16 | 16.5
Fighting       | 3 5 |  5.6
Armour         | 1 2 |  2.0
Ice Magic      | 1 2 |  2.0
Invocations    | 1 4 5 |  5.0

Action                     |  1- 3 |  4- 6 |  7- 9 || total
---------------------------+-------+-------+-------++-------
  Melee: Dagger            |    33 |     4 |    39 ||    76
         Kick              |     4 |       |    10 ||    14
         Punch             |       |       |     1 ||     1
   Cast: Ensorcelled Hiber |     1 |       |     3 ||     4
         Confusing Touch   |       |       |     1 ||     1
    Use: Potion            |     3 |       |       ||     3
         Scroll            |       |       |     2 ||     2
   Stab: Sleeping          |     3 |     4 |    10 ||    17
 Armour: Robe              |     2 |       |     2 ||     4
  Dodge: Dodged            |    17 |       |    23 ||    40

Table legend: (Time is in decaauts)
 A = Elapsed time spent in this place.
 B = Non-inter-level travel time spent in this place.
 C = Inter-level travel time spent in this place.
 D = Time resting spent in this place.
 E = Time spent auto-exploring this place.
 F = Levels seen in this place.
 G = Mean time per level.
                   A        B        C        D        E       F      G
               +--------+--------+--------+--------+--------+-----+--------+
         Total |    380 |    380 |      0 |    140 |      0 |   1 |  380.0 |
       Dungeon |    380 |    380 |      0 |    140 |      0 |   1 |  380.0 |
               +--------+--------+--------+--------+--------+-----+--------+

Top non-repeatable levels by time:
       D: 380 daAuts
